 Dungeon Crawl Stone Soup version 0.31-a0-1626-g5cb510d (webtiles) character file.

Game seed: 2762602423825798910

121 PidgeyThePirate the Cutter (level 4, -3/35 HPs)
             Began as a Demonspawn Monk on Jan 11, 2024.
             Was a Follower of Ru.
             Splashed by a jelly's acid (5 damage)
             ... on level 4 of the Dungeon.
             The game lasted 00:05:40 (2681 turns).

PidgeyThePirate the Cutter (Demonspawn Monk)        Turns: 2681, Time: 00:05:41

Health: -3/35      AC: -5    Str: 13    XL:     4   Next: 76%
Magic:  4/4        EV: 11    Int: 11    God:    Ru [*.....]
Gold:   82         SH:  0    Dex: 17    Spells: 3/3 levels left

rFire   . . .        a - +0 short sword
rCold   . . .        d - orb {light}
rNeg    . . .        k - +0 ring mail
rPois   .            (no helmet)
rElec   .            (no cloak)
rCorr   .            (no gloves)
SInv    .            g - +0 pair of boots
Will    .....        (no amulet)
Stlth   +            (no ring)
HPRegen 0.25/turn    (no ring)
MPRegen 0.09/turn

%: no passive effects
@: corroded, glowing
A: thin skeletal structure 1, foul stench 1, unskilled 1
a: Renounce Religion


You were on level 4 of the Dungeon.
You worshipped Ru.
Ru was aware of your devotion.
You visited 1 branch of the dungeon, and saw 4 of its levels.

You collected 82 gold pieces.

Inventory:

Hand Weapons
 a - a +0 short sword (weapon)
Armour
 b - a +0 robe
 d - an orb of light (worn)
 g - a +0 pair of boots (worn)
 k - a +0 ring mail (worn)
Jewellery
 h - a ring of magical power
Wands
 o - a wand of mindburst (17)
 q - a wand of polymorph (3)
Scrolls
 e - 3 scrolls of blinking {unknown}
 i - a scroll of enchant weapon {unknown}
 j - 2 scrolls of enchant armour {unknown}
 m - 4 scrolls of amnesia {unknown}
 n - 3 scrolls of teleportation {unknown}
 p - a scroll of brand weapon {unknown}
 s - 2 scrolls of identify {unknown}
 t - a scroll of poison {unknown}
Potions
 c - 2 potions of ambrosia
 f - 2 potions of haste {unknown}
 l - a potion of curing {unknown}
 r - a potion of heal wounds {unknown}


   Skills:
 + Level 3.2 Fighting
 + Level 3.3 Short Blades
 + Level 0.6 Armour
 + Level 3.1 Dodging
 + Level 0.5 Stealth
 * Level 1.3 Invocations


You had 3 spell levels left.
You didn't know any spells.
Your spell library contained the following spells:

 Spells                   Type           Power      Damage    Failure   Level
 Mercury Vapours          Alch/Air       0%         N/A       75%         2
 Inner Flame              Hex/Fire       0%         N/A       92%         3
 Mephitic Cloud           Conj/Alch/Air  0%         N/A       92%         3
 Freezing Cloud           Conj/Ice/Air   0%         6-21      100%        5
 Irradiate                Conj/Alch      0%         3d11      100%        5
 Ignition                 Fire           0%         3d3       100%        8


Dungeon Overview and Level Annotations

Branches:
Dungeon (4/15)
 Temple: D:4-7

Altars:
Ru
Uskayaw
Wu Jian
Xom


Innate Abilities, Weirdness & Mutations

You have a somewhat thin skeletal structure. (Dex +2, Stealth+)
You may rarely emit foul miasma when damaged in melee.
You are somewhat unskilled. (-1 Apt)


Message History

You kill the endoplasm!
A goblin comes into view. It is wielding a +0 dagger.
The goblin shouts!
A goblin is nearby!
You hit the goblin.
You kill the goblin!
A jelly comes into view.
Things that are here:
a +0 dagger; a goblin corpse A jelly is nearby!
The jelly quivers.
The jelly hits you but does no damage.
You hit the jelly.
Your hands burn!
The jelly is lightly wounded.
The jelly hits you but does no damage.
You hit the jelly.
Your hands burn!
The jelly is moderately wounded.
The jelly hits you but does no damage.
You hit the jelly. The acid corrodes you!
Your hands burn!
The jelly is heavily wounded.
The jelly barely misses you.
You hit the jelly but do no damage.
Your hands burn!
The jelly is heavily wounded.
You hit the jelly.
Your hands burn!
The jelly is severely wounded.
The jelly barely misses you.
You hit the jelly but do no damage. The acid corrodes you!
Your hands burn!
The jelly is severely wounded.
The jelly hits you. The acid corrodes you!
You are splashed with acid!
* * * LOW HITPOINT WARNING * * *
You hit the jelly but do no damage.
Your hands burn!
* * * LOW HITPOINT WARNING * * *
The jelly is severely wounded.
The jelly closely misses you.
You hit the jelly but do no damage.
Your hands burn!
* * * LOW HITPOINT WARNING * * *
The jelly is severely wounded.
The jelly barely misses you.
You hit the jelly but do no damage.
Your hands burn!
You die...

#.#..........##. ##..##
#.#
#..........#.##.###....##
#.# #.#.#...##.# #
.........# #[# ..##....#
.# #.♣._.♣.# #.# ..
....... # #....... #.#
..########.
#..#..#########.# #.#
##.#............#
.....###.)..############
#.J@##### ......### #####


You could see a jelly.

Vanquished Creatures
  Terence (D:3)
  3 adders (D:3)
  5 dart slugs (D:1)
  A ribbon worm (D:3)
  A bat (D:1)
  5 endoplasms
  4 giant cockroaches
  8 goblins
  6 hobgoblins
  3 kobolds
  5 quokkas
  5 ball pythons
  2 frilled lizards
  4 rats
53 creatures vanquished.

Notes
Turn   | Place    | Note
-------+----------+-------------------------------------------
     0 | D:1      | PidgeyThePirate the Demonspawn Monk began the quest for the
                  | Orb.
     0 | D:1      | Reached XP level 1. HP: 18/18 MP: 1/1
   263 | D:1      | Gained mutation: You have a somewhat thin skeletal
                  | structure. (Dex +2, Stealth+) [demonic ancestry]
   263 | D:1      | Reached XP level 2. HP: 24/24 MP: 2/2
   521 | D:1      | Gained mutation: You may rarely emit foul miasma when
                  | damaged in melee. [demonic ancestry]
   521 | D:1      | Reached XP level 3. HP: 29/29 MP: 3/3
  1160 | D:2      | You fall into a shaft and drop 2 floors!
  1528 | D:3      | Noticed Terence
  1643 | D:3      | Killed Terence
  1644 | D:3      | Reached skill level 1 in Invocations
  1644 | D:3      | Reached XP level 4. HP: 33/35 MP: 4/4
  1794 | D:3      | Found an ornate altar of the Wu Jian Council.
  1801 | D:3      | Found a sacrificial altar of Ru.
  1816 | D:3      | Became a worshipper of Ru the Awakened
  1874 | D:3      | Gained mutation: You are somewhat unskilled. (-1 Apt) [Ru
                  | sacrifice]
  1874 | D:3      | Reached * piety under Ru
  2275 | D:3      | Found a shimmering altar of Xom.
  2275 | D:3      | Found a shimmering altar of Xom.
  2275 | D:3      | Found a shimmering altar of Xom.
  2275 | D:3      | Found a shimmering altar of Xom.
  2276 | D:3      | Found a shimmering altar of Xom.
  2277 | D:3      | Found a shimmering altar of Xom.
  2279 | D:3      | Found a shimmering altar of Xom.
  2655 | D:4      | Found a hide-covered altar of Uskayaw.
  2681 | D:4      | Splashed by a jelly's acid

Illustrated notes

Levels and vault maps discovered:
D:1:      spicycebolla_arrival_ecumenical, layout_loops_cross
D:2:      layout_basic, basic_altar
D:3:      layout_basic, xom_redecorated, mainiacjoe_overflow_paths,
          nicolae_overflow_squiral, uniq_terence
D:4:      layout_loops_ring, mainiacjoe_overflow_tiny_flanked,
          mainiacjoe_overflow_two_lobes, minmay_temple_entry_butterflies

Skill      XL: |  1  2  3 |
---------------+----------+-----
Short Blades   | 3 |  3.3
Dodging        | 3 |  3.1
Invocations    | 1 |  1.3
Fighting       | |  3.2
Armour         | |  0.6
Stealth        | |  0.5

Action                     |  1- 3 |  4- 6 || total
---------------------------+-------+-------++-------
  Melee: Short sword       |   140 |    75 ||   215
         Unarmed           |     1 |       ||     1
 Invoke: Sacrifice Skill   |       |     1 ||     1
 Armour: Robe              |    40 |       ||    40
         Ring mail         |    34 |    33 ||    67
  Dodge: Dodged            |    79 |    34 ||   113

Table legend: (Time is in decaauts)
 A = Elapsed time spent in this place.
 B = Non-inter-level travel time spent in this place.
 C = Inter-level travel time spent in this place.
 D = Time resting spent in this place.
 E = Time spent auto-exploring this place.
 F = Levels seen in this place.
 G = Mean time per level.
                   A        B        C        D        E       F      G
               +--------+--------+--------+--------+--------+-----+--------+
         Total |   2617 |   2476 |    141 |      0 |   1787 |   4 |  654.2 |
       Dungeon |   2617 |   2476 |    141 |      0 |   1787 |   4 |  654.2 |
               +--------+--------+--------+--------+--------+-----+--------+

Top non-repeatable levels by time:
     D:3: 1057 daAuts
     D:1: 981 daAuts
     D:2: 418 daAuts
     D:4: 160 daAuts
